 Dungeon Crawl Stone Soup version 0.26-a0-200-g62faa89a7e (webtiles) character file.

Game seed: 3182194689994626378

39 Flugkiller the Stinger (level 3, 0/21 HPs)
             Began as an Octopode Venom Mage on July 5, 2020.
             Slain by a ball python (1 damage)
             ... on level 2 of the Dungeon.
             The game lasted 00:05:08 (386 turns).

Flugkiller the Stinger (Octopode Venom Mage)         Turns: 386, Time: 00:05:08

Health: 0/21       AC:  1    Str:  7    XL:     3   Next: 45%
Magic:  0/7        EV: 10    Int: 18    God:
Gold:   33         SH:  0    Dex: 12    Spells: 4/7 levels left

rFire    . . .     SeeInvis .   f - +0 dagger
rCold    . . .     Faith    .   (no shield)
rNeg     . . .     Spirit   .   (helmet restricted)
rPois    .         Reflect  .   (no amulet)
rElec    .         Harm     .   (no ring)
rCorr    .                      (no ring)
MR       .....                  (no ring)
Stlth    +++.......             (no ring)
HPRegen  0.07/turn              (no ring)
MPRegen  0.10/turn              (no ring)
                                (no ring)
                                (no ring)

@: constricted
A: almost no armour, stealthy swim, amphibious, 8 rings, constrict 8, camouflage
1, gelatinous body 1
a: no special abilities


You were on level 2 of the Dungeon.
You were completely stuffed.

You visited 1 branch of the dungeon, and saw 2 of its levels.

You collected 33 gold pieces.

Inventory:

Hand Weapons
 f - a +0 dagger (weapon)
   (You took it off a kobold on level 1 of the Dungeon)
 j - a +0 spear
   (You found it on level 2 of the Dungeon)
Missiles
 c - 11 bolts
Scrolls
 a - 2 scrolls of identify
 d - 2 scrolls of remove curse {unknown}
 g - a scroll of fog {unknown}
 h - a scroll of teleportation {unknown}
 i - a scroll of random uselessness {unknown}
Potions
 e - a potion of curing
Comestibles
 b - a ration


   Skills:
 - Level 2.0 Dodging
 - Level 2.6 Stealth
 + Level 2.8 Spellcasting
 - Level 1.0 Transmutations
 + Level 4.5 Poison Magic


You had 4 spell levels left.
You knew the following spells:

 Your Spells              Type           Power        Failure   Level  Hunger
a - Sting                 Tmut/Pois      ##..         5%          1    None
b - Poisonous Vapours     Pois/Air       ##....       10%         2    ##.....

Your spell library contained the following spells:

 Spells                   Type           Power        Failure   Level  Hunger
 Ignite Poison            Fire/Tmut/Pois #.......     24%         3    ###....
 Mephitic Cloud           Conj/Pois/Air  #.......     26%         3    ###....
 Olgreb's Toxic Radiance  Pois           ###.....     26%         4    ####...


Dungeon Overview and Level Annotations

Branches:
Dungeon (2/15)

Altars:


Innate Abilities, Weirdness & Mutations

You cannot wear most types of armour.
You are very stealthy in the water. (Stealth+)
You are amphibious.
You can wear up to eight rings at the same time.
You can use your tentacles to constrict eight enemies at once.
Your skin changes colour to match your surroundings (Stealth+).
Your rubbery body absorbs attacks. (AC +1, EV +1)


Message History

The ball python constricts you.
Jessica points at you and mumbles some strange words.
You barely resist. You closely miss Jessica. Your grab misses Jessica.
The ball python bites you but does no damage.
The ball python constricts you. Jessica hits you with a +0 club.
* * * LOW HITPOINT WARNING * * *
Unknown command.
Casting: Sting (safe; 6% risk of failure)
Confirm with . or Enter, or press ? or * to list all spells.
You don't have enough magic to cast that spell.
Casting: Sting (safe; 6% risk of failure)
Confirm with . or Enter, or press ? or * to list all spells.
Aiming: Sting (safe; 6% risk of failure)
Press: ? - help, Shift-Dir - straight line, f/p - Jessica
Aim: Jessica, wielding a +0 club and wearing a cursed -2 robe The sting hits Jessica.
Jessica is poisoned.
Jessica is heavily wounded.
The ball python bites you.
* * * LOW HITPOINT WARNING * * *
* * * LOW HITPOINT WARNING * * *
The ball python constricts you. Jessica barely misses you.
You barely miss Jessica. Your grab misses Jessica.
Jessica is severely wounded.
The ball python bites you.
* * * LOW HITPOINT WARNING * * *
The ball python constricts you. The ball python closely misses you.
The ball python constricts you. Jessica misses you.
You hit Jessica.
You kill Jessica!
You have reached level 3!
Your experience leads to an increase in your attributes!
Increase (S)trength, (I)ntelligence, or (D)exterity?
You feel clever. The ball python barely misses you.
* * * LOW HITPOINT WARNING * * *
The ball python constricts you.
You closely miss the ball python. Your grab misses the ball python.
The ball python barely misses you.
* * * LOW HITPOINT WARNING * * *
The ball python constricts you.
Casting: Sting (safe; 5% risk of failure)
Confirm with . or Enter, or press ? or * to list all spells.
Aiming: Sting (safe; 5% risk of failure)
Press: ? - help, Shift-Dir - straight line, f - ball python
Aim: a ball python (constricting you)
The sting hits the ball python.
The ball python is poisoned.
The ball python is severely wounded.
The ball python bites you.
You die...

.. #. #. ###. #..
#######.#######
...w...w.......
#..####S#######
.....# #@#.. .....#
#)#.# .....####
#.#.# ........#
#.#.#####...#. .#
........#
.##......##...#.. ..
........# .#
..#.#...†........ ..
........##.#
#.#.#...........##.#
........##.#
#.#.#...............
........##.#
#.#.#...###.#....#..


You could see a worm and a ball python (poisoned).

Vanquished Creatures
  Jessica (D:2)
  A leopard gecko (D:2)
  2 goblins
  3 jackals (D:2)
  2 bats
  A kobold (D:1)
  2 rats (D:2)
12 creatures vanquished.

Notes
Turn   | Place    | Note
-------+----------+-------------------------------------------
     0 | D:1      | Flugkiller the Octopode Venom Mage began the quest for the
                  | Orb.
     0 | D:1      | Reached XP level 1. HP: 11/11 MP: 3/3
   280 | D:2      | Reached XP level 2. HP: 17/17 MP: 0/5
   287 | D:2      | Learned a level 2 spell: Poisonous Vapours
   299 | D:2      | Reached skill level 4 in Poison Magic
   371 | D:2      | Noticed Jessica
   384 | D:2      | Killed Jessica
   384 | D:2      | Reached XP level 3. HP: 3/21 MP: 1/7
   385 | D:2      | HP: 1/21 [ball python (1)]
   386 | D:2      | Slain by a ball python

Illustrated notes

Levels and vault maps discovered:
D:1:      evilmike_arrival_plus, layout_basic, minmay_misc_feat_plants
D:2:      minmay_evil_eye, layout_basic, first_ration, grunt_ministairs_1,
          uniq_natasha, uniq_jessica

Skill      XL: |  1  2 |
---------------+-------+-----
Poison Magic   | 4 |  4.5
Dodging        | |  2.0
Stealth        | |  2.6
Spellcasting   | |  2.8
Transmutations | |  1.0

Action                   || total
-------------------------++-------
Melee: Dagger            ||    13
       Constrict         ||     2
 Cast: Sting             ||    15
  Use: Scroll            ||     1
 Stab: Sleeping          ||     1
  Eat: Ration            ||     2
Armor: Skin              ||     3
Dodge: Dodged            ||    17

Table legend:
 A = Non-vault XP
 B = Vault XP
 C = Vault XP percentage of total XP
 D = Non-vault monster count
 E = Vault monster count
 F = Vault count percentage of total count
                 A         B        C        D         E       F
            +---------+---------+-------+---------+---------+-------
      Total |      19 |      37 |  66.1 |      11 |       1 |   8.3
            +---------+---------+-------+---------+---------+-------
        D:1 |       4 |       0 |   0.0 |       3 |       0 |   0.0
        D:2 |      15 |      37 |  71.2 |       8 |       1 |  11.1
            +---------+---------+-------+---------+---------+-------
